 Dungeon Crawl Stone Soup version 0.20.1-1-g8b1a95d (webtiles) character file.

21852 theElss the Basher (level 12, -2/117 HPs)
             Began as a Gargoyle Berserker on July 9, 2017.
             Was a High Priest of Trog.
             Slain by an ice beast (12 damage)
             ... summoned by an ice statue
             ... in an ice cave.
             The game lasted 00:44:21 (13167 turns).

theElss the Basher (Gargoyle Berserker)            Turns: 13167, Time: 00:44:22

Health: -2/117     AC: 27    Str: 30    XL:     12   Next: 94%
Magic:  0/12       EV:  9    Int: 11    God:    Trog [*****.]
Gold:   929        SH: 12    Dex:  9    Spells: 11/11 levels left

rFire    . . .     SeeInvis .   v - +1 morningstar
rCold    . . .     Gourm    .   H - +0 shield
rNeg     + . .     Faith    .   A - +0 plate armour
rPois    ∞         Spirit   +   R - +2 hat
rElec    +         Reflect  .   n - scarf {Spirit}
rCorr    +         Harm     .   (no gloves)
MR       .....                  m - +1 pair of boots
Stlth    ..........             k - amulet of regeneration
Regen    0.7/turn               w - ring of resist corrosion
MPRegen  0.2/turn               J - +2 ring of intelligence

@: berserking (expiring), very quick
A: negative energy resistance 1, electricity resistance, unbreathing,
petrification resistance, rot immunity, AC +8
a: Berserk, Trog's Hand, Brothers in Arms, Burn Spellbooks, Renounce Religion


You were in an ice cave.
You worshipped Trog.
Trog was extremely pleased with you.
You were very hungry.

You visited 2 branches of the dungeon, and saw 15 of its levels.
You also visited: Ice Cave.

You collected 1103 gold pieces.
You spent 174 gold pieces at shops.

Inventory:

Hand Weapons
 v - a +1 morningstar (weapon)
Missiles
 u - 6 steel tomahawks (quivered)
Armour
 m - a +1 pair of boots (worn)
 n - a scarf of spirit shield (worn)
 A - a +0 plate armour (worn)
 C - a scarf of repulsion
 H - a +0 shield (worn)
 R - a +2 hat (worn)
Jewellery
 j - an uncursed amulet of guardian spirit
 k - an amulet of regeneration (around neck)
 l - an uncursed ring of magical power {unknown}
 w - a ring of resist corrosion (left hand)
 J - a +2 ring of intelligence (right hand)
Scrolls
 b - a scroll of fog {unknown}
 e - 7 scrolls of remove curse
 i - 3 scrolls of random uselessness
 o - 3 scrolls of magic mapping
 p - 3 scrolls of recharging
 r - a scroll of enchant weapon
 y - 6 scrolls of teleportation
 F - 2 scrolls of blinking
 S - a scroll of fear {unknown}
 X - 2 scrolls of identify
 Z - a scroll of torment {unknown}
Potions
 a - a potion of mutation {unknown}
 f - a potion of magic {unknown}
 q - 2 potions of might
 s - 2 potions of curing {unknown}
 t - 6 potions of haste
 B - 2 potions of brilliance
 D - a potion of flight {unknown}
 E - a potion of invisibility {unknown}
 G - 2 potions of cancellation
 I - 2 potions of heal wounds {unknown}
 L - 3 potions of agility {unknown}
 M - 3 potions of resistance
 T - a potion of berserk rage {unknown}
Books
 O - a book of Misfortune

   Spells                             Type                      Level
   a - Confusing Touch                Hexes                        1
   b - Confuse                        Hexes                        3
   c - Gell's Gravitas                Translocation                3
   d - Petrify                        Transmutation/Earth          4
   e - Metabolic Englaciation         Hexes/Ice                    5
   f - Yara's Violent Unravelling     Hexes/Transmutation          5
   Trog disapproves of the use of such an item.
 V - a book of Battle

   Spells                             Type                      Level
   a - Infusion                       Charms                       1
   b - Shroud of Golubria             Charms/Translocation         2
   c - Song of Slaying                Charms                       2
   d - Spectral Weapon                Hexes/Charms                 3
   e - Regeneration                   Charms/Necromancy            3
   Trog disapproves of the use of such an item.
 W - a book of Enchantments

   Spells                             Type                      Level
   a - Cause Fear                     Hexes                        4
   b - Yara's Violent Unravelling     Hexes/Transmutation          5
   c - Silence                        Hexes/Air                    5
   d - Deflect Missiles               Charms/Air                   6
   e - Discord                        Hexes                        8
   Trog disapproves of the use of such an item.
 Y - a book of Minor Magic

   Spells                             Type                      Level
   a - Magic Dart                     Conjuration                  1
   b - Blink                          Translocation                2
   c - Call Imp                       Summoning                    2
   d - Slow                           Hexes                        2
   e - Conjure Flame                  Conjuration/Fire             3
   f - Mephitic Cloud                 Conjuration/Poison/Air       3
   Trog disapproves of the use of such an item.
Comestibles
 c - 15 bread rations
 d - 14 meat rations
 g - 8 royal jellies
 z - 4 fruits


   Skills:
 + Level 10.3 Fighting
 + Level 14.0 Maces & Flails
 + Level 9.1 Armour
 + Level 5.2 Dodging
 + Level 2.8 Stealth
 * Level 8.9 Shields


You had 11 spell levels left.
You didn't know any spells.

Dungeon Overview and Level Annotations

Branches:
Dungeon (12/15)            Temple (0/1) D:7            Lair (3/6) D:11
    Orc (0/2) D:11
  Swamp: Lair:2-4    Shoals: Lair:2-4     Snake: Lair:2-4    Spider: Lair:2-4

Altars:
Dithmenos
Elyvilon
Gozag
Hepliaklqana
Ru
Sif Muna
Trog
Vehumet
Xom
Yredelemnul
Zin
The Shining One
Beogh

Shops:
D:5 (   D:6 ?   D:10 [?(%[   D:11 }   D:12 =

Annotations:
IceCv exclusion: 2 ice statues


Innate Abilities, Weirdness & Mutations

You are resistant to torment.
Your stone body is resilient. (AC +8)
You are immune to poison.
You resist negative energy. (rN+)
You are resistant to electric shocks. (rElec)
You can survive without breathing.
You are immune to petrification.
You are immune to rotting.


Message History

The ice beast completely misses you.
The ice beast hits you but does no damage.
You block the ice beast's attack.
Unknown command.
You puncture the ice statue!
The ice statue is severely damaged.
The ice beast hits you.
* * * LOW HITPOINT WARNING * * *
The ice beast freezes you!
* * * LOW HITPOINT WARNING * * *
Unknown command.
You sock the ice statue!
The ice statue is almost destroyed.
The ice statue gestures at you. The freezing blast engulfs you!
The ice beast hits you but does no damage.
You block the ice beast's attack. The ice beast hits you.
* * * LOW HITPOINT WARNING * * *
The ice beast freezes you!
You die...

#####
###...####
##........##
#..........##
#.....§.....##
#.8..8YY.....#
#).(§Y@§.....#
#.).(YY§...∩.#
#!.(§........#
#.8..8.......#
#...........##
#..........##
##........##
###...####
####


You could see 2 ice statues and 5 ice beasts.

Vanquished Creatures
  Harold (D:10)
  A hydra (Lair:3)
  2 two-headed ogres (D:8)
  Nergalle (Lair:1)
  An unseen horror (D:12)
  3 ugly things
  A cyclops (D:12)
  A manticore (D:11)
  6 spiny frogs
  Psyche (D:10)
  A komodo dragon (Lair:3)
  3 trolls
  A polar bear (Lair:3)
  A hornet (D:10)
  Prince Ribbit (D:7)
  2 hippogriffs
  19 yaks
  A water elemental (D:12)
  A spriggan (D:7)
  2 wyverns
  3 basilisks
  The ghost of Rhok the Chopper, an amateur MiFi (D:4)
  2 vampires
  3 vampire mosquitoes (D:12)
  3 water moccasins
  Duvessa (D:7)
  6 porcupines
  4 orc warriors
  5 sky beasts
  10 ice beasts
  3 black bears
  Purgy (D:3)
  2 phantoms
  3 ogres
  5 centaurs
  6 crocodiles
  16 bullfrogs
  Dowan (D:7)
  2 scorpions
  5 killer bees (D:9)
  A water moccasin skeleton (D:10)
  7 wights (D:11)
  An electric eel (D:12)
  A howler monkey (D:4)
  4 centaur zombies
  2 crimson imps (D:9)
  5 orc priests
  A hound (D:10)
  2 jellies
  2 bullfrog skeletons
  10 orc wizards
  Crazy Yiuf (D:3)
  2 centaur skeletons
  Jessica (D:3)
  An iguana (D:12)
  Natasha (thrice) (D:2)
  14 worker ants
  A killer bee zombie (D:7)
  A howler monkey skeleton (D:11)
  15 adders
  5 shadow imps
  An adder zombie (D:10)
  An adder skeleton (D:4)
  8 worms
  A dart slug (D:1)
  5 leopard geckos
  48 orcs
  A ball python (D:5)
  7 giant cockroaches
  3 goblins
  3 hobgoblins
  12 jackals
  3 kobolds
  3 quokkas
  8 bats
  5 frilled lizards
  A jackal skeleton (D:5)
  2 leopard gecko skeletons (D:4)
  A leopard gecko zombie (D:5)
  5 rats
330 creatures vanquished.

Vanquished Creatures (others)
  An orc wizard (D:5)
  An orc (D:10)
  14 fungi
  3 plants (D:11)
19 creatures vanquished.

Grand Total: 349 creatures vanquished

Notes
Turn   | Place    | Note
-------+----------+-------------------------------------------
     0 | D:1      | theElss the Gargoyle Berserker began the quest for the Orb.
     0 | D:1      | Reached XP level 1. HP: 14/14 MP: 1/1
   185 | D:1      | Reached XP level 2. HP: 15/19 MP: 2/2
   683 | D:1      | Reached XP level 3. HP: 23/23 MP: 3/3
   927 | D:2      | Reached ** piety under Trog
  1005 | D:2      | Reached skill level 4 in Maces & Flails
  1030 | D:2      | Noticed Natasha
  1046 | D:2      | Killed Natasha
  1046 | D:2      | Reached XP level 4. HP: 12/28 MP: 1/4
  1379 | D:2      | Noticed Natasha
  1385 | D:2      | Killed Natasha
  1429 | D:2      | Noticed Natasha
  1436 | D:2      | Killed Natasha
  1436 | D:2      | Reached XP level 5. HP: 19/33 MP: 2/5
  1662 | D:2      | Found an opulent altar of Gozag.
  1663 | D:2      | Found a glowing silver altar of Zin.
  1742 | D:3      | Noticed Purgy
  1753 | D:3      | Killed Purgy
  1753 | D:3      | Reached skill level 5 in Maces & Flails
  1827 | D:3      | Reached XP level 6. HP: 34/38 MP: 4/6
  1921 | D:3      | Noticed Jessica
  1927 | D:3      | Killed Jessica
  2542 | D:3      | Found a runed door.
  2546 | D:3      | Noticed Crazy Yiuf
  2550 | D:3      | Killed Crazy Yiuf
  2786 | D:4      | Noticed Rhok's ghost (amateur MiFi)
  2799 | D:4      | Killed Rhok's ghost
  2799 | D:4      | Reached skill level 6 in Maces & Flails
  2799 | D:4      | Reached skill level 1 in Stealth
  2799 | D:4      | Reached XP level 7. HP: 44/44 MP: 5/7
  2803 | D:4      | Reached *** piety under Trog
  3004 | D:4      | Found a shimmering altar of Xom.
  3100 | D:4      | Found a white marble altar of Elyvilon.
  3189 | D:4      | Noticed a hippogriff
  3203 | D:4      | Killed a hippogriff
  3203 | D:4      | Reached skill level 5 in Fighting
  3203 | D:4      | Reached skill level 7 in Maces & Flails
  3203 | D:4      | Reached XP level 8. HP: 40/49 MP: 6/8
  3245 | D:5      | Entered Level 5 of the Dungeon
  3362 | D:5      | Found a basalt altar of Yredelemnul.
  3450 | D:5      | Found a bloodstained altar of Trog.
  3478 | D:5      | Found a sacrificial altar of Ru.
  3705 | D:5      | Reached skill level 8 in Maces & Flails
  3789 | D:5      | Found a deep blue altar of Sif Muna.
  3849 | D:5      | Found Utrigo's Weapon Emporium.
  3884 | D:5      | Reached **** piety under Trog
  4246 | D:6      | Found a hazy altar of Hepliaklqana.
  4273 | D:6      | Found Duihin Uzunn's Magic Scroll Shop.
  4297 | D:6      | Bought a scroll of blinking for 82 gold pieces
  4297 | D:6      | Bought a scroll of teleportation for 33 gold pieces
  4297 | D:6      | Bought a scroll of remove curse for 33 gold pieces
  4357 | D:6      | Reached skill level 9 in Maces & Flails
  4404 | D:6      | Found a glowing golden altar of the Shining One.
  4480 | D:6      | Reached XP level 9. HP: 52/55 MP: 9/9
  4722 | D:7      | Found a staircase to the Ecumenical Temple.
  4733 | D:7      | Noticed Duvessa
  4734 | D:7      | Noticed Dowan
  4743 | D:8      | Noticed a two-headed ogre
  4756 | D:8      | Killed a two-headed ogre
  4756 | D:8      | Reached skill level 10 in Maces & Flails
  4756 | D:8      | Reached skill level 5 in Armour
  4996 | D:7      | Killed Duvessa
  4999 | D:7      | Killed Dowan
  5204 | D:7      | Received a gift from Trog
  5210 | D:7      | Noticed Prince Ribbit
  5424 | D:7      | Killed Prince Ribbit
  5538 | D:7      | Found a shadowy altar of Dithmenos.
  5752 | D:7      | Reached XP level 10. HP: 61/63 MP: 8/10
  6115 | D:8      | Found a bloodstained altar of Trog.
  6348 | D:8      | Reached skill level 11 in Maces & Flails
  6397 | D:8      | Noticed a two-headed ogre
  6405 | D:8      | Killed a two-headed ogre
  6634 | D:9      | HP: 2/64 [something (6)]
  7045 | D:9      | Reached ***** piety under Trog
  7089 | D:9      | Found a radiant altar of Vehumet.
  7147 | D:9      | Noticed a moth of wrath
  7198 | D:9      | Found a bloodstained altar of Trog.
  7781 | D:10     | Entered Level 10 of the Dungeon
  7781 | D:10     | Found Gaezxom's Food Emporium.
  7823 | D:10     | Reached skill level 5 in Shields
  8243 | D:10     | Found Ojoezocu's Magic Scroll Shoppe.
  8247 | D:10     | Bought a scroll of identify for 26 gold pieces
  8249 | D:10     | Found Sylefaw's Antique Weapon Boutique.
  8298 | D:10     | Noticed Harold
  8300 | D:10     | Received a gift from Trog
  8322 | D:10     | Killed Harold
  8322 | D:10     | Reached skill level 12 in Maces & Flails
  8322 | D:10     | Reached XP level 11. HP: 69/69 MP: 8/11
  8427 | D:10     | Found Areosaf's Antique Armour Shop.
  8462 | D:10     | Noticed Psyche
  8469 | D:10     | Killed Psyche
  8723 | D:10     | Got an ichor-stained ring mail
  8734 | D:10     | Identified the cursed +1 ring mail of the Gastropod {Regen+ Str+4 Int+2 Slay-4} (You found it on level 10 of the Dungeon)
  8780 | D:10     | Found Zozeunn's Armour Emporium.
  8885 | D:11     | Noticed a manticore
  8894 | D:11     | Killed a manticore
  8938 | D:11     | Found a staircase to the Lair.
  9170 | D:11     | Noticed a white ugly thing
  9183 | D:11     | Killed a white ugly thing
  9343 | D:11     | Found Saomixom's Gadget Emporium.
  9358 | D:11     | Found a staircase to the Orcish Mines.
  9728 | D:11     | Found a roughly hewn altar of Beogh.
 10064 | D:12     | Found Juigipux's Jewellery Boutique.
 10193 | D:12     | Noticed a cyclops
 10200 | D:12     | Killed a cyclops
 10200 | D:12     | Reached skill level 13 in Maces & Flails
 10322 | D:12     | Killed an unseen horror
 10322 | D:12     | Reached XP level 12. HP: 66/76 MP: 12/12
 10705 | Lair:1   | Entered Level 1 of the Lair of Beasts
 10754 | Lair:1   | Noticed Nergalle
 10765 | Lair:1   | Killed Nergalle
 11491 | Lair:2   | Reached skill level 5 in Dodging
 12442 | Lair:3   | Reached skill level 10 in Fighting
 12484 | Lair:3   | Noticed a five-headed hydra
 12500 | Lair:3   | Killed a five-headed hydra
 12594 | Lair:3   | Received a gift from Trog
 12995 | Lair:3   | Found a frozen archway.
 13010 | IceCv    | Entered an ice cave
 13046 | IceCv    | Reached skill level 14 in Maces & Flails
 13121 | IceCv    | Found a transporter.
 13167 | IceCv    | Slain by an ice beast

Skill      XL: |  1  2  3  4  5  6  7  8  9 10 11 12 |
---------------+-------------------------------------+-----
Dodging        | 2 3 4 5 |  5.2
Maces & Flails | 4 5 6 7 9 10 12 13 14 | 14.0
Fighting       | 4 5 6 7 8 9 10 | 10.3
Armour         | 3 4 5 7 8 9 |  9.1
Stealth        | 1 2 |  2.8
Shields        | 3 5 7 8 |  8.9

Action                   |  1- 3 |  4- 6 |  7- 9 | 10-12 || total
-------------------------+-------+-------+-------+-------++-------
Melee: Mace              |   138 |   158 |       |       ||   296
       Morningstar       |       |    17 |   146 |  1098 ||  1261
       Dire flail        |       |       |   197 |       ||   197
Invok: Berserk           |       |     5 |     3 |    13 ||    21
  Use: Scroll            |       |       |       |    14 ||    14
       Potion            |       |       |       |     1 ||     1
  Eat: Chunk             |     1 |     9 |    14 |    32 ||    56
       Fruit             |       |       |       |     4 ||     4
Armor: Animal skin       |    56 |    11 |       |       ||    67
       Chain mail        |       |   104 |    21 |       ||   125
       Plate armour      |       |       |   202 |   322 ||   524
       Skin              |       |       |       |     2 ||     2
       Ring mail         |       |       |       |   268 ||   268
Dodge: Dodged            |   118 |    81 |   104 |   496 ||   799
       Deflected         |       |       |     2 |    12 ||    14
Block: Buckler           |       |       |    24 |   192 ||   216
       Shield            |       |       |       |    95 ||    95
